Map: Neon Violet Square LE

Players

blackxored - Winner!

  • Race: Zerg Zerg
  • League: Diamond
  • Spawn Location: 5:00

MKAether

  • Race: Protoss Protoss
  • League: Diamond
  • Spawn Location: 11:00

VOD

Have the link to the VOD?

Description

Time

  • Played on: Nov. 26, 2017, 3:29 p.m.
  • Length: 25:22
Show
View Real Time Build Order
Export as new Build Order

blackxored Zerg - Winner!

Build Orders: Hatch First 

Get SALT Encoding   

  12  0:01  Drone  
  13  0:13  Overlord  
  13  0:18  Drone  
  14  0:33  Drone x2  
  14  0:35  Drone  
  17  0:56  Hatchery, Drone  
  17  1:01  Drone  
  18  1:18  Extractor  
  18  1:19  Spawning Pool  
  18  1:20  Drone  
  18  1:23  Drone  
  18  1:28  Drone  
  19  1:39  Overlord  
  19  1:50  Drone  
  20  2:06  Queen, Zergling x2  
  20  2:08  Queen, Zergling x2  
  25  2:11  Drone  
  27  2:17  Metabolic Boost  
  27  2:20  Drone  
  28  2:23  Drone  
  29  2:35  Drone x2  
  31  2:49  Overlord  
  31  2:55  Evolution Chamber  
  31  2:57  Hatchery  
  29  3:00  Zergling x4  
  29  3:01  Zergling x2  
  32  3:06  Drone x2  
  34  3:16  Drone x2  
  34  3:18  Spore Crawler  
  35  3:23  Drone  
  36  3:32  Queen  
  38  3:35  Spore Crawler  
  38  3:37  Drone  
  38  3:39  Drone  
  39  3:41  Drone  
  40  3:54  Overlord  
  40  3:59  Zergling x8  
  40  4:01  Overlord  
  41  4:25  Drone x11  
  50  4:57  Drone x9  
  50  4:59  Spore Crawler  
  57  5:04  Queen  
  57  5:05  Lair  
  58  5:07  Queen  
  60  5:23  Overlord x5  
  60  5:32  Overlord x2  
  60  5:35  Extractor  
  57  5:46  Pneumatized Carapace  
  57  5:47  Zerg Melee Weapons Level 1  
  57  5:52  Drone x4  
  61  5:57  Drone x3  
  61  5:58  Zergling x2  
  61  5:59  Zergling x2  
  61  6:02  Overlord x3  
  66  6:08  Overlord  
  66  6:10  Overseer  
  66  6:11  Hatchery  
  66  6:14  Drone x2, Extractor x2, Hydralisk Den  
  66  6:15  Drone  
  66  6:16  Roach Warren, Drone  
  65  6:23  Extractor x2  
  65  6:24  Zergling x8  
  67  6:34  Baneling Nest  
  67  6:37  Drone x3  
  67  6:38  Drone x3  
  72  6:42  Overlord x3  
  72  6:52  Muscular Augments  
  72  6:57  Hydralisk x4  
  80  7:02  Drone x4  
  80  7:06  Drone x2  
  80  7:07  Drone  
  87  7:09  Drone x2  
  87  7:13  Hydralisk x3  
  95  7:17  Baneling  
  95  7:18  Baneling  
  95  7:19  Baneling  
  95  7:21  Baneling  
  95  7:23  Overlord x3  
  95  7:34  Centrifical Hooks  
  95  7:41  Drone x9  
  95  7:42  Drone x2  
  106  7:49  Overseer  
  106  8:04  Zergling x26  
  119  8:14  Hydralisk x6  
  119  8:16  Baneling x6  
  119  8:18  Zerg Melee Weapons Level 2  
  131  8:24  Drone x5  
  131  8:26  Drone, Extractor  
  136  8:31  Overlord x2  
  136  8:34  Baneling x4  
  136  8:37  Hydralisk x2  
  140  8:44  Hatchery  
  140  8:46  Overseer  
  137  9:00  Hydralisk x11  
  159  9:08  Extractor  
  158  9:10  Drone x3  
  158  9:13  Overseer  
  158  9:17  Overlord x3  
  159  9:25  Hydralisk x7  
  159  9:28  Baneling x4  
  159  9:29  Baneling  
  159  9:30  Baneling  
  173  9:51  Zergling x2  
  173  9:52  Zergling x26  
  187  9:54  Spire  
  187  9:56  Queen  
  187  9:59  Baneling x3  
  188  10:00  Baneling x7  
  188  10:12  Overlord x3  
  188  10:17  Zergling x2  
  188  10:18  Zergling x10  
  189  10:46  Hydralisk x5  
  189  10:48  Overlord x4  
  196  11:05  Infestation Pit  
  192  11:31  Corruptor  
  192  11:32  Corruptor x5  
  198  11:33  Overlord x2  
  198  11:34  Overlord x2  
  198  11:35  Zerg Flyer Armor Level 1  
  198  11:49  Overlord x3  
  198  12:04  Extractor x2  
  198  12:05  Extractor  
  198  12:06  Hatchery  
  194  12:09  Extractor  
  179  12:37  Hydralisk  
  179  12:38  Hydralisk x9  
  179  12:41  Baneling x2  
  165  12:58  Hydralisk x8  
  114  12:59  Hydralisk x6  
  114  13:04  Hive  
  136  13:12  Hydralisk x7  
  150  13:32  Corruptor x5  
  150  13:33  Corruptor x4  
  168  13:39  Queen  
  170  13:46  Drone  
  171  13:48  Drone  
  171  13:49  Drone x2  
  174  14:03  Zergling x18  
  174  14:04  Zergling x16  
  191  14:12  Zergling x2  
  191  14:13  Zergling x4  
  194  14:30  Baneling x16  
  194  14:41  Overseer  
  194  14:42  Overseer  
  184  14:49  Hydralisk  
  184  14:50  Hydralisk x11  
  184  14:52  Overseer  
  194  15:04  Corruptor x4  
  198  15:13  Corruptor x3  
  198  15:14  Corruptor x6  
  183  15:17  Hydralisk x5  
  197  15:25  Hydralisk  
  199  15:31  Zergling x2  
  199  15:32  Zergling x8  
  184  16:09  Hatchery  
  161  16:23  Spire  
  140  16:30  Hydralisk x15  
  140  16:31  Hydralisk  
  160  16:44  Hatchery  
  157  16:51  Greater Spire  
  137  17:14  Drone x12  
  149  17:22  Viper  
  152  17:25  Viper  
  155  17:40  Overseer x3  
  130  18:14  Drone x12  
  130  18:15  Drone x3  
  128  18:31  Drone x5  
  130  18:40  Drone x5  
  135  18:55  Hatchery  
  132  19:12  Brood Lord x2  
  138  19:17  Brood Lord  
  138  19:24  Brood Lord  
  138  19:27  Brood Lord  
  142  19:35  Adrenal Glands  
  142  19:40  Drone  
  142  19:41  Drone  
  144  19:53  Brood Lord x2  
  147  20:08  Brood Lord x2  
  147  20:12  Brood Lord  
  153  20:32  Brood Lord x3  
  153  20:33  Brood Lord  
  161  20:39  Drone x5  
  166  21:10  Hatchery  
  148  21:50  Corruptor  
  148  21:51  Corruptor x13  
  162  22:07  Corruptor  
  162  22:08  Corruptor x3  
  157  22:30  Overseer x2  
  157  22:31  Overseer x2  
  134  23:00  Hatchery  
  123  23:05  Hydralisk Den  
  123  23:06  Zergling x26  
  126  23:19  Drone x7  
  120  23:35  Zergling x2  
  120  23:36  Zergling x8  
  122  23:47  Drone x3  
  120  23:56  Queen x2  
  124  24:12  Brood Lord x3  
  124  24:15  Baneling x3  
  128  24:47  Hatchery  
  128  24:48  Overseer  
Show
View Real Time Build Order
Export as new Build Order

MKAether Protoss 

Build Orders: 1 Gate Expand, Oracle Opening 

Get SALT Encoding   

  12  0:01  Probe  
  13  0:13  Probe  
  14  0:20  Pylon  
  14  0:25  Probe  
  15  0:38  Probe (Chrono Boost)  
  15  0:39  Gateway  
  17  0:50  Probe (Chrono Boost)  
  17  0:52  Probe (Chrono Boost)  
  17  0:54  Assimilator  
  18  1:04  Probe  
  19  1:22  Nexus  
  19  1:28  Probe  
  20  1:37  Cybernetics Core  
  20  1:40  Probe  
  20  1:44  Assimilator  
  21  1:52  Probe (Chrono Boost)  
  22  1:56  Pylon  
  22  2:04  Probe (Chrono Boost)  
  23  2:14  Probe, Zealot  
  26  2:18  Warp Gate  
  26  2:31  Stargate  
  26  2:34  Pylon  
  26  2:36  Probe (Chrono Boost)  
  26  2:38  Probe (Chrono Boost)  
  27  2:46  Sentry  
  27  2:48  Probe (Chrono Boost)  
  27  2:50  Probe (Chrono Boost)  
  32  2:52  Probe x2 (Chrono Boost)  
  33  3:01  Probe  
  33  3:04  Probe, Shield Battery  
  35  3:13  Probe  
  35  3:15  Pylon  
  35  3:16  Probe  
  35  3:18  Oracle (Chrono Boost)  
  40  3:25  Probe  
  41  3:28  Probe, Stalker  
  44  3:38  Probe  
  44  3:40  Assimilator, Probe  
  46  3:45  Assimilator  
  46  3:49  Void Ray (Chrono Boost)  
  50  3:57  Probe x2  
  52  4:07  Robotics Facility  
  52  4:09  Probe x2  
  54  4:21  Probe x2  
  42  4:51  Probe (Chrono Boost)  
  42  4:55  Probe (Chrono Boost)  
  42  4:56  Immortal (Chrono Boost)  
  45  5:03  Probe (Chrono Boost)  
  45  5:05  Shield Battery  
  47  5:09  Probe x2 (Chrono Boost)  
  48  5:17  Probe (Chrono Boost)  
  50  5:25  Probe (Chrono Boost)  
  50  5:28  Probe x2 (Chrono Boost)  
  52  5:31  Probe, Nexus  
  52  5:32  Pylon  
  53  5:39  Probe (Chrono Boost)  
  53  5:41  Twilight Council  
  54  5:46  Observer  
  56  5:51  Probe (Chrono Boost)  
  56  5:52  Probe (Chrono Boost)  
  59  5:58  Probe x2 (Chrono Boost), Gateway  
  59  6:01  Gateway  
  59  6:02  Gateway  
  59  6:06  Probe  
  59  6:08  Immortal, Probe  
  65  6:19  Oracle  
  65  6:20  Probe x2  
  65  6:24  Robotics Bay  
  70  6:36  Pylon  
  70  6:40  Pylon  
  70  6:41  Assimilator  
  70  6:42  Probe x2  
  70  6:45  Assimilator  
  72  6:53  Probe  
  73  6:54  Probe  
  73  6:57  Immortal (Chrono Boost)  
  78  7:03  Probe  
  78  7:05  Probe  
  78  7:06  Probe  
  81  7:15  Probe  
  82  7:19  Void Ray  
  82  7:21  Extended Thermal Lance  
  86  7:25  Blink  
  86  7:29  Probe x3  
  95  7:32  Colossus (Chrono Boost)  
  95  7:38  Sentry  
  95  7:39  Sentry  
  95  7:40  Pylon  
  95  7:42  Stalker  
  101  7:50  Nexus  
  101  7:54  Pylon  
  101  7:59  Pylon  
  101  8:05  Void Ray  
  105  8:07  Stalker x2  
  105  8:08  Shield Battery  
  105  8:09  Shield Battery  
  109  8:19  Colossus (Chrono Boost)  
  115  8:21  Forge  
  115  8:28  Forge  
  115  8:33  Probe x3  
  105  8:49  Probe x3  
  108  9:01  Probe x2  
  108  9:02  Sentry  
  112  9:03  Probe x2  
  112  9:05  Colossus (Chrono Boost)  
  120  9:11  Photon Cannon  
  120  9:13  Probe (Chrono Boost)  
  120  9:15  Photon Cannon  
  117  9:20  Templar Archives  
  117  9:23  Pylon  
  117  9:25  Probe x2 (Chrono Boost)  
  117  9:26  Probe x2 (Chrono Boost)  
  117  9:27  Probe  
  117  9:28  Probe  
  117  9:30  Assimilator  
  120  9:33  Assimilator  
  120  9:38  Photon Cannon  
  120  9:39  Photon Cannon  
  120  9:43  Protoss Ground Weapons Level 1 (Chrono Boost)  
  126  9:46  Colossus (Chrono Boost), Protoss Ground Armor Level 1 (Chrono Boost)  
  126  9:51  Pylon  
  126  9:59  Void Ray  
  130  10:06  Fleet Beacon  
  130  10:12  Psionic Storm  
  130  10:15  Charge  
  130  10:19  High Templar x3  
  130  10:20  High Templar  
  114  10:46  Probe  
  114  10:47  Probe  
  112  11:02  Probe x4  
  112  11:03  High Templar x3  
  112  11:04  High Templar  
  124  11:09  Gateway  
  124  11:11  Gateway  
  124  11:14  Gateway, Probe (Chrono Boost)  
  124  11:16  Gateway  
  124  11:17  Probe x2 (Chrono Boost)  
  124  11:18  Pylon  
  128  11:32  Protoss Ground Weapons Level 2 (Chrono Boost)  
  128  11:33  Probe (Chrono Boost), Protoss Shields Level 1 (Chrono Boost)  
  128  11:41  Colossus  
  128  11:42  Archon  
  128  11:43  Archon  
  135  11:47  Probe x2  
  135  11:54  Probe x2  
  138  11:59  Probe x2  
  141  12:09  Probe (Chrono Boost)  
  141  12:13  Mothership (Chrono Boost)  
  149  12:17  High Templar  
  149  12:18  High Templar  
  149  12:20  High Templar x2  
  149  12:22  Archon  
  157  12:39  Archon  
  157  12:41  Stalker x3  
  121  13:11  Colossus (Chrono Boost)  
  127  13:24  Nexus  
  127  13:27  Assimilator  
  127  13:28  High Templar  
  127  13:29  High Templar x3  
  127  13:32  Assimilator  
  135  13:36  Pylon, Archon  
  135  13:38  Pylon, Archon  
  135  13:53  Zealot x4  
  135  13:54  Warp Prism  
  145  13:57  Protoss Shields Level 2 (Chrono Boost), Dark Shrine  
  145  13:58  Protoss Ground Weapons Level 3 (Chrono Boost)  
  145  14:03  Shield Battery  
  145  14:05  Photon Cannon  
  145  14:07  Probe x2  
  147  14:17  High Templar x2  
  147  14:18  High Templar x2  
  147  14:19  High Templar  
  147  14:20  High Templar  
  147  14:21  Archon  
  147  14:22  Archon  
  147  14:23  Archon  
  159  14:26  Zealot  
  159  14:27  Zealot  
  159  14:54  Observer  
  159  14:56  Zealot x4  
  137  15:23  Probe x4  
  141  15:35  Probe x2  
  102  16:42  Void Ray, Zealot x2  
  102  16:43  Zealot x5  
  102  16:44  Probe x3  
  102  16:46  Probe  
  120  16:50  Colossus (Chrono Boost)  
  126  16:56  Probe x3  
  126  16:57  Protoss Ground Armor Level 2  
  126  16:58  Probe  
  126  17:00  Fleet Beacon  
  112  17:03  Protoss Shields Level 3 (Chrono Boost)  
  112  17:07  High Templar  
  112  17:08  Probe x3, High Templar x2  
  108  17:09  High Templar x2  
  108  17:10  Zealot x2  
  108  17:12  Archon x2  
  108  17:14  Archon  
  119  17:33  Dark Templar x2  
  123  17:41  Photon Cannon  
  123  17:43  Photon Cannon  
  123  17:46  Photon Cannon  
  123  17:48  Cybernetics Core  
  117  18:16  Nexus  
  117  18:19  Photon Cannon  
  107  18:42  High Templar x2  
  107  18:43  High Templar x4  
  107  18:46  Zealot, Archon  
  107  18:47  Archon  
  107  18:48  Archon  
  119  19:09  Warp Prism  
  121  19:24  Gateway  
  121  19:25  Mothership (Chrono Boost)  
  121  19:26  Gateway  
  121  19:29  Pylon, Protoss Ground Armor Level 3 (Chrono Boost)  
  129  20:31  Immortal (Chrono Boost)  
  129  20:33  Nexus  
  133  20:37  Assimilator, Robotics Facility  
  133  20:41  Assimilator  
  133  20:45  Pylon  
  133  20:46  Void Ray  
  133  20:47  Pylon  
  137  20:50  Pylon  
  137  20:56  Probe x3  
  140  21:03  Shield Battery  
  140  21:05  Photon Cannon  
  140  21:07  Shield Battery  
  140  21:09  Immortal (Chrono Boost)  
  140  21:11  Photon Cannon  
  144  21:14  Zealot x3  
  144  21:15  High Templar  
  144  21:16  High Templar x3  
  144  21:18  High Templar x2  
  160  21:19  Archon  
  160  21:20  Archon  
  160  21:22  Archon  
  140  21:50  Stalker  
  140  21:51  Stalker x6  
  140  21:52  Stalker  
  112  22:47  High Templar x4  
  112  22:48  High Templar x2  
  120  22:53  Archon  
  120  22:54  Archon  
  120  22:55  Archon  
  105  23:51  Stalker x5  
  105  23:52  Stalker x3  
  105  23:53  Probe x3  
  105  23:54  Probe x2  
  126  23:57  Void Ray (Chrono Boost)  
  126  24:02  Stargate  
  130  24:03  Stargate  
  130  24:05  Probe x2  
  132  24:19  Observer  
  133  24:29  Stalker x2  
  133  24:30  Stalker x4  
Tags
 
Add a new tag
Caveats
  • Supply blocks, unpowered buildings, or Contaminate may cause inaccurate times.
  • Supply counts are checked every 10 seconds.